 Dungeon Crawl Stone Soup version 0.26.1-2-gb8aa6d0cf2 (webtiles) character file.

Game seed: 12064023308060928244

13206 Gadfly the Basher (level 12, -4/109 HPs)
             Began as a Gargoyle Berserker on Feb 14, 2021.
             Was the Champion of Trog.
             Slain by a yak (9 damage)
             ... on level 1 of the Lair of Beasts.
             The game lasted 00:21:29 (11561 turns).

Gadfly the Basher (Gargoyle Berserker)             Turns: 11561, Time: 00:21:29

Health: -4/109     AC: 38    Str: 31    XL:     12   Next: 3%
Magic:  12/12      EV:  8    Int:  9    God:    Trog [******]
Gold:   309        SH:  5    Dex:  9    Spells: 11/11 levels left

rFire    . . .     SeeInvis .   a - +4 morningstar
rCold    . . .     Faith    .   o - +0 buckler
rNeg     + + .     Spirit   .   J - +3 plate armour {rN+}
rPois    ∞         Reflect  .   m - +1 helmet
rElec    +         Harm     .   f - +0 cloak
rCorr    .         Rampage  .   g - +2 pair of gloves
Will     .....                  y - +0 pair of boots
Stlth    ..........             A - amulet of regeneration
HPRegen  0.68/turn              r - +4 ring of protection
MPRegen  0.13/turn              H - +6 ring of strength

@: berserking, very quick
A: negative energy resistance 1, electricity resistance, unbreathing,
petrification resistance, miasma immunity, AC +8
a: Renounce Religion, Berserk, Trog's Hand, Brothers in Arms


You were on level 1 of the Lair of Beasts.
You worshipped Trog.
Trog was exalted by your worship.
You visited 3 branches of the dungeon, and saw 12 of its levels.
You also visited: Sewer.

You collected 867 gold pieces.
You spent 558 gold pieces at shops.

Inventory:

Hand Weapons
 a - a +4 morningstar (weapon)
 b - a +0 flail of holy wrath
 t - a +1 hand axe of draining
 E - a +1 mace of freezing
Armour
 f - a +0 cloak (worn)
 g - a +2 pair of gloves (worn)
 m - a +1 helmet (worn)
 o - a +0 buckler (worn)
 x - a +0 kite shield
 y - a +0 pair of boots (worn)
 J - a +3 plate armour of positive energy (worn)
Jewellery
 r - a +4 ring of protection (left hand)
 A - an amulet of regeneration (around neck)
 B - an uncursed ring of fire
 H - a +6 ring of strength (right hand)
Wands
 k - a wand of disintegration (8)
 v - a wand of iceblast (3) (quivered)
 w - a wand of paralysis (19)
 I - a wand of polymorph (9)
Scrolls
 c - 8 scrolls of remove curse
 h - 4 scrolls of teleportation
 n - 2 scrolls of enchant armour
 p - a scroll of enchant weapon
 q - 3 scrolls of identify
 u - a scroll of silence
 F - a scroll of fear
 G - 3 scrolls of fog
Potions
 d - 3 potions of haste
 e - a potion of might
 i - 4 potions of lignification
 j - 4 potions of curing
 l - 2 potions of attraction
 s - a potion of ambrosia
 z - 2 potions of flight
 D - a potion of heal wounds


   Skills:
 + Level 8.1 Fighting
 * Level 10.1 Maces & Flails
 * Level 9.7 Armour
 - Level 1.5 Dodging
 + Level 8.5 Shields
 * Level 8.7 Evocations


You had 11 spell levels left.
You didn't know any spells.
Your spell library was empty.

Dungeon Overview and Level Annotations

Branches:
Dungeon (10/15)            Temple (1/1) D:4            Lair (1/6) D:8
    Orc (0/2) D:10          Sewer (visited)

Altars:
Dithmenos
Elyvilon
Gozag
Kikubaaqudgha
Ru
Sif Muna
Trog
Vehumet
Wu Jian
Yredelemnul
The Shining One

Shops:
D:8 [

Annotations:
D:3 2 transporters


Innate Abilities, Weirdness & Mutations

You are resistant to torment.
Your stone body is resilient. (AC +8)
You are immune to poison.
You resist negative energy. (rN+)
You are resistant to electric shocks. (rElec)
You can survive without breathing.
You are immune to petrification.
You are immune to miasma.


Message History

You hit the yak but do no damage.
The yak is heavily wounded.
The yak gores you!
* * * LOW HITPOINT WARNING * * *
You block the yak's attack.
A red film seems to cover your vision as you go berserk!
You feel yourself moving faster!
You feel mighty! The yak gores you.
* * * LOW HITPOINT WARNING * * *
You block the yak's attack. x2
You barely miss the yak.
The yak is heavily wounded.
You block the yak's attack. The yak gores you.
* * * LOW HITPOINT WARNING * * *
The yak gores you but does no damage.
You bludgeon the yak!!
You feel the power of Trog in you as your rage grows.
You kill the yak!
Trog accepts your kill. The yak gores you!
You die...

##.........
........##....###......#
........###..## P...#..#
........# #..# #...#..#
........# #..# #......#
........# #..# #...#..#
........###..# #......#
........#.#Y.# #...#..##
........††††@# #......P#
........###Y.##
#...#..#### # ........#
##..###)..#...#.#.#
........#
##........#.......#
........#
#.........#.......#
...##...#
##........#..####.# ...
###.# ##..###...#..## #
.. #.# #...# #...#...#
##..# #......##


You could see 2 yaks.

Vanquished Creatures
  2 two-headed ogres
  The ghost of kingbonesx the Cudgeller, a novice TrMo of Dithmenos (D:8)
  Maurice (D:8)
  A cane toad (Lair:1)
  A komodo dragon (D:8)
  A hornet (D:10)
  Prince Ribbit (D:9)
  Sigmund (D:2)
  25 yaks
  A wraith (D:10)
  Menkaure (D:6)
  2 water moccasins (Lair:1)
  10 orc warriors
  A sky beast (D:10)
  5 phantoms
  3 ice beasts
  3 ogres
  4 centaurs
  A big kobold (Sewer)
  8 bullfrogs
  Blork the orc (D:5)
  2 wyvern skeletons (D:8)
  5 killer bees (D:9)
  A howler monkey (D:4)
  15 wights
  3 bullfrog zombies
  3 centaur skeletons
  10 hounds
  2 jellies (D:5)
  3 orc priests
  12 orc wizards
  5 bullfrog skeletons
  2 iguanas (D:4)
  7 worker ants
  4 hell rats (Lair:1)
  A hound zombie (D:5)
  4 hound skeletons
  A worker ant zombie (D:6)
  14 adders
  2 shadow imps
  5 white imps
  5 ufetubi
  An adder zombie (D:7)
  2 adder skeletons (D:9)
  7 worms
  A dart slug (D:1)
  5 leopard geckos
  34 orcs
  7 ball pythons
  9 giant cockroaches
  12 goblins
  10 hobgoblins
  20 jackals
  2 quokkas
  8 bats
  8 frilled lizards
  10 kobolds
  A quokka skeleton (D:4)
  18 rats
335 creatures vanquished.

Vanquished Creatures (others)
  3 fungi (Lair:1)
  33 plants
36 creatures vanquished.

Grand Total: 371 creatures vanquished

Notes
Turn   | Place    | Note
-------+----------+-------------------------------------------
     0 | D:1      | Gadfly the Gargoyle Berserker began the quest for the Orb.
     0 | D:1      | Reached XP level 1. HP: 14/14 MP: 1/1
    91 | D:1      | Reached XP level 2. HP: 18/19 MP: 2/2
   225 | D:1      | Reached skill level 1 in Shields
   370 | D:1      | Reached skill level 1 in Evocations
   417 | D:1      | Reached XP level 3. HP: 22/23 MP: 3/3
   856 | D:2      | Reached ** piety under Trog
   857 | D:2      | Noticed Sigmund
  1099 | D:2      | Killed Sigmund
  1100 | D:2      | Reached skill level 4 in Maces & Flails
  1100 | D:2      | Reached XP level 4. HP: 18/29 MP: 4/4
  1100 | D:2      | Reached XP level 5. HP: 21/33 MP: 5/5
  1480 | D:2      | Reached XP level 6. HP: 38/38 MP: 6/6
  1952 | D:3      | Found a transporter.
  1965 | D:3      | Found a transporter.
  2129 | D:3      | Found a shadowy altar of Dithmenos.
  2309 | D:3      | Found a glowing drain.
  2318 | Sewer    | Entered a sewer
  2326 | Sewer    | Reached *** piety under Trog
  3117 | D:4      | Reached XP level 7. HP: 37/44 MP: 7/7
  3631 | D:4      | Reached skill level 5 in Maces & Flails
  3751 | D:4      | Reached XP level 8. HP: 47/48 MP: 8/8
  3753 | D:4      | Found a staircase to the Ecumenical Temple.
  3771 | Temple   | Entered the Ecumenical Temple
  4148 | D:5      | Entered Level 5 of the Dungeon
  4225 | D:5      | Found a radiant altar of Vehumet.
  4225 | D:5      | Noticed Blork the orc
  4244 | D:5      | Killed Blork the orc
  4256 | D:5      | Reached skill level 5 in Shields
  4262 | D:5      | Found an ornate altar of the Wu Jian Council.
  4407 | D:5      | Reached **** piety under Trog
  4408 | D:5      | Reached skill level 5 in Fighting
  5074 | D:6      | Reached skill level 6 in Maces & Flails
  5218 | D:6      | Noticed Menkaure
  5227 | D:6      | Killed Menkaure
  5394 | D:6      | Reached XP level 9. HP: 54/54 MP: 9/9
  5533 | D:6      | Found a basalt altar of Yredelemnul.
  5560 | D:6      | Reached skill level 5 in Evocations
  5925 | D:7      | Reached skill level 5 in Armour
  6412 | D:7      | Reached ***** piety under Trog
  6452 | D:7      | Reached skill level 7 in Maces & Flails
  6923 | D:8      | Noticed Maurice
  6937 | D:8      | Paralysed by Maurice for 6 turns
  7014 | D:8      | Killed Maurice
  7129 | D:8      | Noticed a komodo dragon
  7147 | D:8      | Noticed a two-headed ogre
  7453 | D:8      | Reached XP level 10. HP: 60/60 MP: 10/10
  7457 | D:8      | Found Pyos's Armour Emporium.
  7465 | D:8      | Bought a +0 pair of boots for 54 gold pieces
  7473 | D:8      | Found a staircase to the Lair.
  7492 | D:8      | Killed a two-headed ogre
  7994 | D:8      | Reached skill level 8 in Maces & Flails
  8021 | D:8      | Found a runed translucent gate.
  8040 | D:8      | Found a runed translucent gate.
  8041 | D:8      | Found a runed translucent gate.
  8041 | D:8      | Noticed kingbonesx's ghost (novice TrMo)
  8603 | D:8      | Killed kingbonesx's ghost
  9277 | D:9      | Noticed Prince Ribbit
  9365 | D:9      | Killed Prince Ribbit
  9846 | D:9      | Reached XP level 11. HP: 53/67 MP: 11/11
 10009 | D:9      | Found a sacrificial altar of Ru.
 10163 | D:10     | Entered Level 10 of the Dungeon
 10187 | D:10     | Noticed a two-headed ogre
 10213 | D:10     | Killed a two-headed ogre
 10214 | D:10     | Reached skill level 9 in Maces & Flails
 10317 | D:10     | Reached ****** piety under Trog
 10317 | D:10     | Received a gift from Trog
 11158 | D:10     | Found a staircase to the Orcish Mines.
 11296 | D:8      | Bought a +3 plate armour of positive energy for 504 gold
                  | pieces
 11320 | Lair:1   | Entered Level 1 of the Lair of Beasts
 11406 | Lair:1   | Got a masterwork hand axe
 11407 | Lair:1   | Identified the +3 hand axe "Vebaiseor" {drain, *Drain rElec
                  | rPois Str+7} (You found it on level 1 of the Lair of
                  | Beasts)
 11479 | Lair:1   | Reached skill level 10 in Maces & Flails
 11528 | Lair:1   | Reached XP level 12. HP: 39/73 MP: 12/12
 11560 | Lair:1   | HP: 5/109 [yak (1)]
 11561 | Lair:1   | Slain by a yak

Illustrated notes

Levels and vault maps discovered:
D:1:      minmay_arrival_shoal_huts, layout_loops_ring,
          chequers_decorated_corner
D:2:      layout_basic, minmay_misc_feat_rows, small_statue_intersection,
          minmay_tall_x, uniq_sigmund
D:3:      gammafunk_steamed_eel, layout_rooms, lemuel_crystal_altar,
          gup_sewer_entry_bubbles
D:4:      layout_basic, temple_green
D:5:      wander_river, layout_rooms, grunt_temple_overflow_open, serial_glass,
          glass_columns_a, glass_columns_c, uniq_blork_the_orc
D:6:      layout_rooms, yredelemnul_altar_generic, uniq_menkaure
D:7:      layout_loops_ring
D:8:      layout_layer_cave, david_lair_shrubbed, serial_shops, shop,
          ebering_ghost_rock_garden, uniq_maurice
D:9:      layout_rooms, nicolae_ru_great_annihilating_truth, uniq_prince_ribbit1
D:10:     layout_cave_pools, david_orc_4
Temple:   dpeg_five_rooms_temple
Lair:1:   layout_long_grid, grunt_megastairs_2

Skill      XL: |  1  2  3  4  5  6  7  8  9 10 11 |
---------------+----------------------------------+-----
Shields        | 1 2 3 4 5 6 7 8 |  8.5
Evocations     | 1 2 3 4 6 7 8 |  8.7
Fighting       | 4 5 6 7 8 |  8.1
Maces & Flails | 4 5 6 7 8 10 | 10.1
Armour         | 3 4 6 8 9 |  9.7
Dodging        | |  1.5

Action                   |  1- 3 |  4- 6 |  7- 9 | 10-12 || total
-------------------------+-------+-------+-------+-------++-------
Melee: Mace              |   118 |   291 |   591 |   145 ||  1145
       Flail             |       |       |    10 |   376 ||   386
       Morningstar       |       |       |       |   300 ||   300
Invok: Berserk           |     1 |       |     1 |     3 ||     5
Evoke: Wand              |       |       |     1 |     2 ||     3
  Use: Scroll            |       |    12 |     7 |     7 ||    26
       Potion            |       |     3 |     1 |     1 ||     5
 Stab: Invisible         |       |       |       |     1 ||     1
Armor: Animal skin       |     4 |       |       |       ||     4
       Leather armour    |    59 |    24 |       |       ||    83
       Ring mail         |       |   114 |   110 |       ||   224
       Chain mail        |       |       |   294 |   240 ||   534
       Plate armour      |       |       |       |   393 ||   393
Dodge: Dodged            |    84 |   143 |   289 |   339 ||   855
Block: Buckler           |       |    40 |   167 |   234 ||   441
